 Dungeon Crawl Stone Soup version 0.27-a0-1391-g48c30b3128 (webtiles) character file.

Game seed: 11712441564683336076

48 Kinoniko the Chopper (level 3, 0/43 HPs)
             Began as a Demonspawn Berserker on July 1, 2021.
             Was a Follower of Trog.
             Succumbed to an adder's poison
             ... on level 2 of the Dungeon.
             The game lasted 00:01:10 (1953 turns).

Kinoniko the Chopper (Demonspawn Berserker)         Turns: 1953, Time: 00:01:11

Health: 0/43       AC:  6    Str: 18    XL:     3   Next: 50%
Magic:  3/3        EV:  8    Int:  8    God:    Trog [*.....]
Gold:   70         SH:  0    Dex: 12    Spells: 2/2 levels left

rFire    . . .     SeeInvis .   a - +0 hand axe
rCold    . . .     Faith    .   (no shield)
rNeg     . . .     Spirit   .   e - +0 ring mail
rPois    .         Reflect  .   f - +0 helmet
rElec    .         Harm     .   (no cloak)
rCorr    .         Rampage  .   (no gloves)
Will     .....                  (no boots)
Stlth    ..........             (no amulet)
HPRegen  0.14/turn              (no ring)
MPRegen  0.08/turn              (no ring)

@: berserking (expiring), lethally poisoned (0 -> -4), constricted, very quick
A: claws 1, ignite blood 1
a: Renounce Religion, Berserk


You were on level 2 of the Dungeon.
You worshipped Trog.
Trog was aware of your devotion.
You visited 1 branch of the dungeon, and saw 2 of its levels.

You collected 70 gold pieces.

Inventory:

Hand Weapons
 a - a +0 hand axe (weapon)
Armour
 e - a +0 ring mail (worn)
 f - a +0 helmet (worn)
Scrolls
 b - 3 scrolls of identify {unknown}
 c - a scroll of fear {unknown}
Potions
 d - 2 potions of magic {unknown}
 g - a potion of attraction {unknown}
 h - a potion of haste {unknown}
 i - 3 potions of degeneration {unknown}


   Skills:
 - Level 3.0 Fighting
 + Level 4.1 Axes
 - Level 1.7 Armour
 - Level 1.7 Dodging


You had 2 spell levels left.
You didn't know any spells.
Your spell library was empty.

Dungeon Overview and Level Annotations

Branches:
Dungeon (2/15)

Altars:


Innate Abilities, Weirdness & Mutations

You have sharp fingernails.
Your demonic aura sometimes causes spilled blood to erupt in flames.


Message History

Your Axes skill increases to level 4!
You closely miss the adder.
The adder is heavily wounded.
You feel sick.
A ball python comes into view.
The adder bites you.
* * * LOW HITPOINT WARNING * * *
You are lethally poisoned!
The adder poisons you!
You miss the adder.
The adder is heavily wounded.
* * * LOW HITPOINT WARNING * * *
You feel sick.
The ball python hisses angrily.
The adder bites you but does no damage.
You hit the adder.
The adder is almost dead.
* * * LOW HITPOINT WARNING * * *
You feel sick. The adder bites you.
* * * LOW HITPOINT WARNING * * *
Unknown command.
You slash the adder!
You kill the adder!
Trog accepts your kill.
* * * LOW HITPOINT WARNING * * *
You feel sick.
* * * LOW HITPOINT WARNING * * *
You feel sick.
Things that are here:
3 gold pieces; an adder corpse Unknown command.
You feel a strong urge to attack something.
* * * LOW HITPOINT WARNING * * *
You feel sick.
You closely miss the ball python.
* * * LOW HITPOINT WARNING * * *
You feel sick. The ball python misses you. The ball python grabs you.
The ball python constricts you.
You barely miss the ball python.
You die...

.... ###.# #........
###.. #.# #........ ##
#.# #........
##+#######.#####........
........†..##...........
...........##...........
...........##........<.#
......†$...##..........#
.......@...##..........#
.......S..###..........#
..........# ########...#
..........# #...#
..........# #####
..........# ..........#
..........#


You could see a ball python.

Vanquished Creatures
  An adder (D:2)
  2 worms (D:2)
  2 bats (D:1)
  2 endoplasms (D:1)
  2 giant cockroaches
  4 hobgoblins
  4 kobolds (D:1)
  4 quokkas
  2 ball pythons
  2 frilled lizards
  4 goblins (D:1)
  3 rats
32 creatures vanquished.

Notes
Turn   | Place    | Note
-------+----------+-------------------------------------------
     0 | D:1      | Kinoniko the Demonspawn Berserker began the quest for the
                  | Orb.
     0 | D:1      | Reached XP level 1. HP: 18/18 MP: 1/1
   221 | D:1      | Found a faded altar of an unknown god.
   274 | D:1      | Reached skill level 3 in Axes
   567 | D:1      | Gained mutation: Your demonic aura sometimes causes spilled
                  | blood to erupt in flames. [demonic ancestry]
   567 | D:1      | Reached XP level 2. HP: 16/24 MP: 2/2
  1553 | D:2      | Gained mutation: You have sharp fingernails. [demonic
                  | ancestry]
  1553 | D:2      | Reached XP level 3. HP: 29/29 MP: 3/3
  1946 | D:2      | Reached skill level 4 in Axes
  1951 | D:2      | HP: 2/43 [poisoned by an adder]
  1953 | D:2      | Succumbed to an adder's poison

Illustrated notes

Levels and vault maps discovered:
D:1:      beargit_arrival_greenhouse, layout_basic,
          shapermc_ecumenical_altar_mp_vishouse
D:2:      layout_basic

Skill      XL: |  1  2  3 |
---------------+----------+-----
Axes           | 3 4 |  4.1
Fighting       | |  3.0
Armour         | |  1.7
Dodging        | |  1.7

Action                   || total
-------------------------++-------
Melee: Hand axe          ||    92
Invok: Berserk           ||     1
 Stab: Sleeping          ||     1
Armor: Ring mail         ||    21
       Animal skin       ||     1
Dodge: Dodged            ||    49

Table legend: (Time is in decaauts)
 A = Elapsed time spent in this place.
 B = Non-inter-level travel time spent in this place.
 C = Inter-level travel time spent in this place.
 D = Time resting spent in this place.
 E = Time spent auto-exploring this place.
 F = Levels seen in this place.
 G = Mean time per level.
                   A        B        C        D        E       F      G
               +--------+--------+--------+--------+--------+-----+--------+
         Total |   1961 |   1932 |     29 |    159 |   1526 |   2 |  980.5 |
       Dungeon |   1961 |   1932 |     29 |    159 |   1526 |   2 |  980.5 |
               +--------+--------+--------+--------+--------+-----+--------+

Top non-repeatable levels by time:
     D:1: 1480 daAuts
     D:2: 481 daAuts
